 Dungeon Crawl Stone Soup version 0.18-a0-1361-g9293dd1 (webtiles) character file.

51 Duffy the Chopper (level 3, -10/30 HPs)
             Began as a Minotaur Gladiator on Feb 20, 2016.
             Was a Believer of Cheibriados.
             Mangled by Duffy's ghost (16 damage)
             ... on level 3 of the Dungeon.
             The game lasted 00:01:35 (1451 turns).

Duffy the Chopper (Minotaur Gladiator)              Turns: 1451, Time: 00:01:35

Health: -10/30     AC:  4    Str: 24    XL:     3   Next: 58%
Magic:  2/2        EV:  8    Int:  9    God:    Cheibriados [**....]
Gold:   124        SH:  0    Dex: 14    Spells: 0 memorised, 2 levels left

rFire  . . .     SeeInvis .     a - +0 war axe
rCold  . . .     Gourm    .     b - +0 leather armour
rNeg   . . .     Faith    .     (no shield)
rPois  .         Spirit   .     c - +0 hat
rElec  .         Dismiss  .     n - +0 cloak
rCorr  .         Reflect  .     (no gloves)
SustAt .         Harm     .     (no boots)
MR     .....                    (no amulet)
Stlth  +.........               (no ring)
                                (no ring)

@: very slow, not resistant to hostile enchantments, very unstealthy
A: retaliatory headbutt, horns 2
a: Bend Time, Renounce Religion


You were on level 3 of the Dungeon.
You worshipped Cheibriados.
Cheibriados was pleased with you.
You were not hungry.

You visited 1 branch of the dungeon, and saw 3 of its levels.

You collected 124 gold pieces.


Innate Abilities, Weirdness & Mutations

You reflexively headbutt those who attack you in melee.
You have a pair of horns on your head.


   Skills:
 - Level 2.4 Fighting
 + Level 5.6 Axes
 - Level 2.0 Throwing
 - Level 3.2 Dodging


You had 2 spell levels left.
You didn't know any spells.

Inventory:

Hand Weapons
 a - a +0 war axe (weapon)
Missiles
 d - 3 throwing nets (quivered)
Armour
 b - a +0 leather armour (worn)
 c - a +0 hat (worn)
 n - a +0 cloak (worn)
 v - a shadow dragon hide
Jewellery
 r - an uncursed ring of magical power {unknown}
Scrolls
 e - 3 scrolls of magic mapping {unknown}
 h - a scroll of teleportation {unknown}
 i - a scroll of immolation {unknown}
 j - a scroll of enchant armour {unknown}
 l - 2 scrolls of remove curse {unknown}
 m - 2 scrolls of enchant weapon {unknown}
 o - 5 scrolls of identify {unknown}
 p - a scroll of recharging {unknown}
 q - a scroll of fog {unknown}
 t - a scroll of random uselessness {unknown}
Potions
 s - a potion of berserk rage {unknown}
 w - a potion of lignification {unknown}
Comestibles
 f - a bread ration
 g - 2 meat rations
 k - 4 fruits

Dungeon Overview and Level Annotations

Branches:
Dungeon (3/15)

Altars:
Cheibriados
Pakellas
Sif Muna
The Shining One

Annotations:
D:3 Duffy's ghost, amateur HOFi


Message History

e - 3 scrolls labeled ORROYF EZOGOE (gained 1) Duffy's ghost (amateur Hill Orc Fighter) comes into view.
Duffy's ghost turns its malevolent gaze towards you.
Duffy's ghost misses you. You furiously retaliate!
You headbutt Duffy's ghost, but do no damage.
Duffy's ghost misses you. Duffy's ghost misses you.
There is a stone staircase leading up here.
You slash Duffy's ghost!
Duffy's ghost is moderately damaged.
Duffy's ghost hits you!
You slash Duffy's ghost!
Duffy's ghost is heavily damaged.
Duffy's ghost hits you!
You are too injured to fight recklessly!
You are too injured to fight recklessly!
You are too injured to fight recklessly!
You are too injured to fight recklessly!
You are too injured to fight recklessly!
You are too injured to fight recklessly!
You are too injured to fight recklessly!
You are too injured to fight recklessly!
You are too injured to fight recklessly!
You are too injured to fight recklessly!
You are too injured to fight recklessly!
You are too injured to fight recklessly!
You are too injured to fight recklessly!
You are too injured to fight recklessly!
You are too injured to fight recklessly!
You are too injured to fight recklessly!
You are too injured to fight recklessly!
You are too injured to fight recklessly!
Duffy's ghost hits you!
Ouch! That really hurt!
You die...

#.$......
#.#
#.######.
#........
#.######.
#.# #.#
#W# #@#
#.# #.#
#.# #.#
..# #[#
..#


You could see Duffy's ghost.

Action                   || total
-------------------------++-------
Melee: War axe           ||    58
 Stab: Sleeping          ||     1

Notes
Turn   | Place    | Note
--------------------------------------------------------------
     0 | D:1      | Duffy the Minotaur Gladiator began the quest for the Orb.
     0 | D:1      | Reached XP level 1. HP: 18/18 MP: 0/0
    37 | D:2      | Found a glowing golden altar of the Shining One.
    39 | D:2      | Found an oddly glowing altar of Pakellas.
    39 | D:2      | Found a snail-covered altar of Cheibriados.
    39 | D:2      | Found a deep blue altar of Sif Muna.
    47 | D:2      | Became a worshipper of Cheibriados the Contemplative
   196 | D:1      | Reached skill level 4 in Axes
   235 | D:1      | Reached XP level 2. HP: 15/25 MP: 1/1
   493 | D:1      | Reached * piety under Cheibriados
   822 | D:2      | Reached skill level 5 in Axes
   856 | D:2      | Reached XP level 3. HP: 30/30 MP: 2/2
  1024 | D:2      | Reached ** piety under Cheibriados
  1441 | D:3      | Noticed Duffy's ghost (amateur HOFi)
  1451 | D:3      | Mangled by Duffy's ghost

Vault maps used:
D:1:      saegor_arrival_miasma, minmay_misc_feat_columns,
          minmay_misc_feat_more_columns, minmay_misc_feat_pillars
D:2:      grunt_temple_overflow_open
D:3:      roderic_batcave

Vanquished Creatures
  An ooze
  2 worms
  8 bats
  3 giant cockroaches
  5 goblins
  5 hobgoblins
  4 jackals
  A quokka
  A giant newt
  3 kobolds
  4 rats
37 creatures vanquished.
